 Dungeon Crawl Stone Soup version 0.30-a0-475-g03497ec522 (webtiles) character file.

Game seed: 14969863610024244371

30059 bmack86 the Severer (level 13, 0/116 HPs)
             Began as a Minotaur Fighter on Dec 21, 2022.
             Was an Initiate of Gozag.
             Slain by a wolf (6 damage)
             ... on level 5 of the Lair of Beasts.
             The game lasted 00:44:35 (10964 turns).

bmack86 the Severer (Minotaur Fighter)             Turns: 10964, Time: 00:44:36

Health: 0/116      AC: 24    Str: 29    XL:     13   Next: 18%
Magic:  12/12      EV: 11    Int:  5    God:    Gozag
Gold:   1389       SH:  9    Dex: 14    Spells: 12/12 levels left

rFire   . . .      SeeInvis .    a - +2 war axe (spect)
rCold   . . .      Faith    .    F - +2 buckler
rNeg    . . .      Spirit   .    y - +2 chain mail of the Shrinking Gods {-Tele Rampage rCorr Int-2}
rPois   .          Reflect  .    (helmet restricted)
rElec   .          Harm     .    B - +1 cloak
rCorr   +          Rampage  +    x - +2 pair of gloves {Dex+3}
Will    .....      NoTele   +    l - +2 pair of boots
Stlth   ..........               i - amulet of regeneration
HPRegen 1.19/turn                N - +6 ring of strength
MPRegen 0.13/turn                b - ring of flight

@: gold aura, on berserk cooldown, flying, slowed, very slow
A: horns 2, retaliatory headbutt
a: Renounce Religion, Potion Petition, Call Merchant, Bribe Branch


You were on level 5 of the Lair of Beasts.
You worshipped Gozag.
Gozag was most pleased with you.
You visited 2 branches of the dungeon, and saw 15 of its levels.
You also visited: Ossuary.

You collected 3382 gold pieces.
You spent 562 gold pieces at shops.
You paid 1431 gold pieces to Gozag.

Inventory:

Hand Weapons
 a - a +2 spectral war axe (weapon)
 J - a +0 battleaxe
Missiles
 D - a throwing net (quivered)
Armour
 l - a +2 pair of boots (worn)
 x - a +2 pair of gloves of dexterity (worn)
 y - the +2 chain mail of the Shrinking Gods (worn) {-Tele Rampage rCorr Int-2}
   (You bought it in a shop on level 6 of the Dungeon)

   Int:       It affects your intelligence (-2).
   -Tele:     It prevents most forms of teleportation.
   rCorr:     It protects you from acid and corrosion.
   Rampage:   It bestows one free step when moving towards enemies.
 B - a +1 cloak (worn)
 F - a +2 buckler (worn)
 M - a +2 chain mail
Jewellery
 b - a ring of flight (right hand)
 i - an amulet of regeneration (around neck)
 j - a +6 ring of dexterity
 o - a ring of ice
 G - a ring of protection from cold
 N - a +6 ring of strength (left hand)
 Q - a +6 ring of dexterity
Wands
 v - a wand of flame (18)
 w - a wand of charming (8)
 z - a wand of light (8)
 O - a wand of roots (8)
 P - a wand of digging (5)
Scrolls
 c - a scroll of summoning
 g - 4 scrolls of magic mapping
 h - 3 scrolls of fear
 r - 2 scrolls of amnesia
 u - 5 scrolls of poison
 A - a scroll of immolation
 E - a scroll of identify
 H - 5 scrolls of teleportation
 I - 2 scrolls of blinking
Potions
 d - 4 potions of might
 e - 3 potions of lignification
 f - 6 potions of attraction
 k - 10 potions of curing
 m - 8 potions of heal wounds
 n - 3 potions of flight
 p - 6 potions of mutation
 q - a potion of ambrosia
 s - 2 potions of cancellation
 t - 5 potions of haste
 C - a potion of berserk rage
 K - 2 potions of brilliance
 L - a potion of magic {unknown}


   Skills:
 + Level 11.4 Fighting
 + Level 16.5 Axes
 + Level 0.1 Throwing
 + Level 13.2 Armour
 + Level 4.8 Dodging
 + Level 5.2 Stealth
 + Level 10.9 Shields


You had 12 spell levels left.
You didn't know any spells.
Your spell library contained the following spells:

 Spells                   Type           Power      Damage    Failure   Level
 Apportation              Tloc           0%         N/A       93%         1
 Beastly Appendage        Tmut           0%         N/A       93%         1
 Blink                    Tloc           0%         N/A       98%         2
 Momentum Strike          Conj/Tloc      0%         3d8       98%         2
 Wereblood                Tmut           0%         N/A       98%         2
 Lesser Beckoning         Tloc           0%         N/A       100%        3
 Spider Form              Tmut/Pois      0%         N/A       100%        3
 Alistair's Intoxication  Tmut/Pois      0%         N/A       100%        5
 Iskenderun's Battlesphe  Conj           0%         2d6       100%        5
 Iron Shot                Conj/Erth      0%         9d1       100%        6
 Spellforged Servitor     Conj/Summ      0%         N/A       100%        7


Dungeon Overview and Level Annotations

Branches:
Dungeon (10/15)            Temple (0/1) D:6            Lair (5/5) D:10
  Swamp (0/4) Lair:3        Snake (0/4) Lair:2      Ossuary (visited)
  Slime: Lair:4-5       Orc: D:9-12

Altars:
Elyvilon
Fedhas
Gozag
Hepliaklqana
Kikubaaqudgha
Ru
Trog
Uskayaw
Vehumet

Shops:
D:6 [*   D:9 *   Lair:2 ?

Portals:
Abyss: D:9

Annotations:
Lair:3 2 transporters, gelatine's ghost, journeyman GnHu


Innate Abilities, Weirdness & Mutations

You have a pair of horns on your head.
You reflexively headbutt those who attack you in melee.


Message History

You kill the 19-headed hydra!
Something barely misses your +2 spectral war axe.
You swap places.
You block the yak's attack.
You hear some strange, mumbled words.
You see here 21 gold pieces.
You are too berserk!
You closely miss something. You slice the yak!! You slash the komodo dragon!
The yak gores you but does no damage.
You slice something!!
Reactivating autopickup.
The komodo dragon dissolves into shadows!
You feel a bit more experienced.
You hit the yak.
Your +2 spectral war axe hits the yak!
Your +2 spectral war axe hits something!
Something barely misses your +2 spectral war axe.
You swap places.
Something hits you but does no damage.
Deactivating autopickup; reactivate with Ctrl-A.
The yak gores you!
* * * LOW HITPOINT WARNING * * *
You see here 8 gold pieces.
You slash the yak!
You kill the yak!
The yak's corpse dissolves into shadows!
You slice something!!
Reactivating autopickup.
The yak dissolves into shadows! x3; You feel a bit more experienced.
The wolf is distracted by your dazzling golden aura.
You are no longer berserk.
You are exhausted.
You feel yourself slow down.
You rampage towards the wolf!
You miss the wolf.
The wolf howls!
You headbutt the wolf, but do no damage.
You slash the wolf!
The wolf is no longer distracted by gold.
The wolf bites you.
* * * LOW HITPOINT WARNING * * *
The wolf bites you but does no damage. The wolf bites you.
You die...
Your body crumbles into a pile of gold.

♣.....♣.♣♣♣
♣♣.(...##
....♣♣♣♣...♣
♣........ .♣♣
♣♣..♣♣♣......##
♣♣.♣♣.......##
♣♣♣.♣♣......#.#
♣..♣♣♣.....<..P
♣ ♣♣♣.♣♣
♣♣........
♣.♣♣$$.♣
♣......#.
♣ih@.♣♣♣
####.##.#
.....hh♣♣♣
#####. ♣.....♣
#. ♣♣..$♣ ..
♣♣♣♣ ... .P..


You could see a spriggan and 3 wolves.

Vanquished Creatures
  A hydra (Lair:5)
  A catoblepas (Lair:2)
  A boulder beetle (Lair:2)
  6 death yaks (Lair:1)
  3 two-headed ogres
  The ghost of arthad the Spear-Bearer, a novice GnWn of Gozag (D:9)
  An oklob plant (Lair:2)
  6 elephants (Lair:3)
  Maurice (D:10)
  5 black mambas
  2 toenail golems (D:9)
  6 cane toads
  A gargoyle (D:10)
  A rime drake (Lair:3)
  3 komodo dragons
  2 polar bears (Lair:5)
  2 trolls (D:9)
  2 tyrant leeches (Lair:3)
  5 blink frogs (Lair:1)
  A shadow (D:10)
  4 wyverns
  A basilisk (Lair:2)
  19 yaks
  A steam dragon (D:9)
  2 acid dragons
  13 water moccasins
  Duvessa (D:7)
  2 hornet zombies (Ossuary)
  3 ice beasts
  5 orc warriors
  An ogre (shapeshifter) (D:9)
  2 black bears
  2 boggarts (Lair:5)
  3 sky beasts
  13 wolves
  4 centaurs
  An ogre (D:5)
  2 phantoms
  A kobold brigand (D:9)
  3 gnoll sergeants
  2 small abominations (D:9)
  6 bullfrogs
  2 scorpions
  2 water moccasin zombies (Ossuary)
  7 wights (D:8)
  Dowan (D:7)
  14 killer bees
  4 howler monkeys
  3 electric eels (Lair:1)
  A centaur zombie (Ossuary)
  2 lava snakes (Lair:1)
  2 bullfrog zombies (Ossuary)
  2 jellies
  6 orc priests
  5 hounds
  5 iguanas
  11 orc wizards
  4 killer bee zombies (Ossuary)
  A hound zombie (D:3)
  10 mummies (Ossuary)
  A howler monkey zombie (Ossuary)
  15 gnolls
  4 adders
  3 white imps
  2 adder zombies (D:3)
  An adder skeleton (D:3)
  4 dart slugs
  29 orcs
  7 endoplasms
  5 giant cockroaches
  9 goblins
  2 hobgoblins (D:4)
  3 jackals (D:1)
  3 quokkas
  6 ball pythons
  5 bats
  5 frilled lizards
  A giant cockroach zombie (D:3)
  4 kobolds
  A quokka skeleton (D:3)
  A quokka zombie (D:3)
  5 rats
  A bush (Lair:2)
341 creatures vanquished.

Vanquished Creatures (others)
  26 fungi
  37 plants
  9 withered plants (Ossuary)
72 creatures vanquished.

Grand Total: 413 creatures vanquished

Notes
Turn   | Place    | Note
-------+----------+-------------------------------------------
     0 | D:1      | bmack86 the Minotaur Fighter began the quest for the Orb.
     0 | D:1      | Reached XP level 1. HP: 19/19 MP: 0/0
   167 | D:1      | Reached XP level 2. HP: 27/27 MP: 1/1
   715 | D:2      | Found a faded altar of an unknown god.
   730 | D:2      | Reached XP level 3. HP: 33/33 MP: 2/2
  1309 | D:3      | Reached skill level 3 in Axes
  1325 | D:3      | Found a radiant altar of Vehumet.
  1360 | D:3      | Found an opulent altar of Gozag.
  1370 | D:3      | Became a worshipper of Gozag Ym Sagoz the Greedy
  1525 | D:3      | Reached skill level 1 in Dodging
  1525 | D:3      | Reached XP level 4. HP: 30/40 MP: 3/3
  1533 | D:3      | Reached skill level 4 in Axes
  1820 | D:3      | Reached XP level 5. HP: 46/46 MP: 4/4
  1946 | D:3      | Reached skill level 5 in Armour
  2220 | D:4      | Reached skill level 5 in Axes
  2220 | D:4      | Found a white marble altar of Elyvilon.
  2490 | D:5      | Entered Level 5 of the Dungeon
  2573 | D:5      | Reached XP level 6. HP: 49/52 MP: 5/5
  2724 | D:5      | Noticed an ice beast
  2737 | D:5      | Reached skill level 6 in Axes
  2745 | D:5      | Killed an ice beast
  2746 | D:5      | Reached XP level 7. HP: 25/60 MP: 6/6
  3158 | D:5      | Reached skill level 7 in Axes
  3188 | D:5      | Found a bloodstained altar of Trog.
  3537 | D:6      | Found Leqyugi's Armour Emporium.
  3545 | D:6      | Bought a +2 pair of gloves of dexterity for 258 gold pieces
  3545 | D:6      | Bought the +2 chain mail of the Shrinking Gods {-Tele
                  | Rampage rCorr Int-2} for 190 gold pieces
  3588 | D:6      | Reached skill level 5 in Shields
  3588 | D:6      | Reached XP level 8. HP: 48/67 MP: 7/7
  3605 | D:6      | Reached skill level 5 in Fighting
  3634 | D:6      | Reached skill level 8 in Axes
  3703 | D:6      | Reached skill level 1 in Stealth
  3728 | D:6      | Found Moumpost's Neck Hole.
  3760 | D:6      | Bought a +0 cloak for 54 gold pieces
  3775 | D:6      | Found a blossoming altar of Fedhas.
  3977 | D:6      | Found a hide-covered altar of Uskayaw.
  4291 | D:6      | Found a staircase to the Ecumenical Temple.
  4346 | D:7      | Reached skill level 9 in Axes
  4370 | D:7      | Noticed Duvessa
  4372 | D:7      | Noticed Dowan
  4379 | D:7      | Killed Duvessa
  4379 | D:7      | Killed Dowan
  4380 | D:7      | Reached XP level 9. HP: 75/75 MP: 8/8
  4480 | D:7      | Found a sand-covered staircase.
  4486 | Ossuary  | Entered an ossuary
  4524 | Ossuary  | Reached skill level 10 in Axes
  4974 | D:7      | Reached skill level 11 in Axes
  5713 | D:8      | Reached XP level 10. HP: 86/86 MP: 9/9
  6019 | D:8      | Found a hazy altar of Hepliaklqana.
  6029 | D:8      | Found a sacrificial altar of Ru.
  6209 | D:9      | Noticed a two-headed ogre
  6217 | D:9      | Killed a two-headed ogre
  6218 | D:9      | Reached skill level 12 in Axes
  6434 | D:9      | Bought a scroll of identify for 28 gold pieces
  6467 | D:9      | Found a transporter.
  6515 | D:9      | Found a one-way gate to the infinite horrors of the Abyss.
  6515 | D:9      | Noticed arthad's ghost (novice GnWn)
  6526 | D:9      | Noticed a toenail golem
  6534 | D:9      | Noticed a toenail golem
  6695 | D:9      | Noticed a fire crab
  6723 | D:9      | Reached skill level 10 in Armour
  6740 | D:9      | Found a transporter.
  6972 | D:9      | Killed arthad's ghost
  6973 | D:9      | Reached skill level 13 in Axes
  6977 | D:9      | Killed a toenail golem
  6983 | D:9      | Reached XP level 11. HP: 90/94 MP: 10/10
  7112 | D:10     | Entered Level 10 of the Dungeon
  7268 | D:10     | Noticed a two-headed ogre
  7276 | D:10     | Killed a two-headed ogre
  7297 | D:10     | Found a staircase to the Lair.
  7324 | D:10     | Found an ancient bone altar of Kikubaaqudgha.
  7375 | D:10     | Noticed Maurice
  7393 | D:10     | Killed Maurice
  7417 | D:10     | Reached skill level 14 in Axes
  7448 | D:10     | Noticed a two-headed ogre
  7456 | D:10     | Killed a two-headed ogre
  7863 | Lair:1   | Entered Level 1 of the Lair of Beasts
  7981 | Lair:1   | Noticed a boulder beetle
  8070 | Lair:1   | Noticed a death yak
  8075 | Lair:1   | Noticed a death yak
  8075 | Lair:1   | Noticed a death yak
  8077 | Lair:1   | Noticed a death yak
  8077 | Lair:1   | Noticed a death yak
  8080 | Lair:1   | Noticed a death yak
  8082 | Lair:1   | Killed a death yak
  8087 | Lair:1   | Killed a death yak
  8095 | Lair:1   | Killed a death yak
  8102 | Lair:1   | Killed a death yak
  8103 | Lair:1   | Killed a death yak
  8104 | Lair:1   | Reached skill level 15 in Axes
  8106 | Lair:1   | Reached XP level 12. HP: 57/106 MP: 11/11
  8114 | Lair:1   | Killed a death yak
  8894 | Lair:2   | Noticed a catoblepas
  8904 | Lair:2   | Killed a catoblepas
  8905 | Lair:2   | Reached skill level 10 in Fighting
  8953 | Lair:2   | Bought a scroll of identify for 32 gold pieces
  8998 | Lair:2   | Reached skill level 16 in Axes
  9018 | Lair:2   | Killed a boulder beetle
  9179 | Lair:2   | Reached skill level 10 in Shields
  9326 | Lair:2   | Found a staircase to the Snake Pit.
  9941 | Lair:3   | Reached XP level 13. HP: 80/116 MP: 12/12
  9953 | Lair:3   | Noticed gelatine's ghost (journeyman GnHu)
  9976 | Lair:3   | Reached skill level 5 in Stealth
 10007 | Lair:3   | Found a bloodstained altar of Trog.
 10030 | Lair:3   | Found a transporter.
 10037 | Lair:3   | Found a transporter.
 10470 | Lair:3   | Found a staircase to the Swamp.
 10829 | Lair:5   | Entered Level 5 of the Lair of Beasts
 10964 | Lair:5   | Slain by a wolf

Illustrated notes

Levels and vault maps discovered:
D:1:      dpeg_arrival_three_smaller_balls, layout_basic, minivault_14
D:2:      layout_basic, ebering_ecumenical_altar_petrified
D:3:      layout_basic, mainiacjoe_overflow_catch_the_wave, serial_undead,
          serial_undead_f, serial_undead_d, serial_undead_d, serial_undead_a,
          minmay_statues_item, kennysheep_orc_chapel
D:4:      layout_gridville, lemuel_tele_altar
D:5:      layout_gridville, mainiacjoe_overflow_concentric_impassable,
          minmay_misc_feat_ornament
D:6:      layout_basic, mainiacjoe_overflow_alcove_4,
          mainiacjoe_overflow_tiny_flanked, minmay_temple_entry_poolview,
          serial_shops, shop, nicolae_shop_sticking_my_neck_out
D:7:      layout_loops_ring, enter_bailey_3,
          nicolae_ossuary_entry_false_entrances, uniq_duvessa
D:8:      layout_basic, mainiacjoe_overflow_large_starburst
D:9:      layout_loops_ring, gammafunk_ghost_abyssal_escape,
          kennysheep_generic_room_6
D:10:     layout_big_octagon, kiku_gazebo_garden_becter,
          grunt_lair_entry_orc_guard_hut, uniq_maurice
Lair:1:   layout_gridlike, fungi_pond_lemuel, minmay_holes, minivault_26,
          nicolae_lair_liquid_snakes, lemuel_fruit_tree
Lair:2:   layout_regular_city, minmay_snake_entry_six_corridors,
          hangedman_lair_unloving_vines, minmay_lair_oklob_items
Lair:3:   layout_chaotic_city, minmay_swamp_entry_worms,
          gammafunk_ghost_wrathful_warriors, infiniplex_staircase_pool_2,
          grunt_megastairs_2
Lair:4:   layout_gridlike, uniq_urug
Lair:5:   minmay_lair_end_enchanted_forest, layout_cave_pods, slime_entry_1

Skill      XL: |  1  2  3  4  5  6  7  8  9 10 11 12 13 |
---------------+----------------------------------------+-----
Armour         | 4 5 6 7 8 9 10 11 13 | 13.2
Axes           | 3 4 5 6 7 9 11 13 15 16 | 16.5
Fighting       | 4 5 7 8 9 11 | 11.4
Dodging        | 1 2 3 4 |  4.8
Shields        | 4 5 7 8 9 10 | 10.9
Stealth        | 1 3 4 5 |  5.2
Throwing       | |  0.1

Action                   |  1- 3 |  4- 6 |  7- 9 | 10-12 | 13-15 || total
-------------------------+-------+-------+-------+-------+-------++-------
Melee: War axe           |    85 |    83 |   308 |   363 |    57 ||   896
       Headbutt          |     4 |    16 |    75 |    91 |    11 ||   197
Throw: Throwing net      |       |       |       |     1 |       ||     1
Invok: Call Merchant     |       |       |       |     2 |       ||     2
  Use: Scroll            |     6 |     2 |    10 |    10 |     2 ||    30
       Potion            |       |       |     1 |     6 |     2 ||     9
 Stab: Distracted        |       |       |     4 |    16 |     2 ||    22
Armor: Scale mail        |    85 |     5 |       |       |       ||    90
       Chain mail        |       |    48 |   166 |   133 |    77 ||   424
Dodge: Dodged            |    58 |    32 |    94 |   115 |    48 ||   347
Block: Buckler           |    25 |    34 |   129 |   128 |    33 ||   349

Table legend: (Time is in decaauts)
 A = Elapsed time spent in this place.
 B = Non-inter-level travel time spent in this place.
 C = Inter-level travel time spent in this place.
 D = Time resting spent in this place.
 E = Time spent auto-exploring this place.
 F = Levels seen in this place.
 G = Mean time per level.
                   A        B        C        D        E       F      G
               +--------+--------+--------+--------+--------+-----+--------+
         Total |  11022 |  10724 |    298 |    133 |   6085 |  16 |  688.9 |
       Dungeon |   7528 |   7263 |    265 |     38 |   4264 |  10 |  752.8 |
          Lair |   3036 |   3003 |     33 |     95 |   1688 |   5 |  607.2 |
       Ossuary |    457 |    457 |      0 |      0 |    132 |   1 |  457.0 |
               +--------+--------+--------+--------+--------+-----+--------+

Top non-repeatable levels by time:
  Lair:2: 1035 daAuts
     D:5: 1013 daAuts
  Lair:3: 933 daAuts
  Lair:1: 920 daAuts
     D:9: 904 daAuts
     D:6: 838 daAuts
     D:3: 776 daAuts
     D:8: 765 daAuts
    D:10: 742 daAuts
     D:7: 719 daAuts
     D:1: 676 daAuts
     D:2: 610 daAuts
     D:4: 481 daAuts
 Ossuary: 457 daAuts
  Lair:5: 121 daAuts
